 Seeded DCSS version 0.31-a0-232-gb1c03b2570 (webtiles) character file.

Game seed: 13427028259722252286 (custom seed)

43304 innerfire43 the Cleaver (level 13, -11/101 HPs)
             Began as a Demonspawn Monk on July 7, 2023.
             Was the Champion of Cheibriados.
             Mangled by a dire elephant simulacrum (43 damage)
             ... on level 5 of the Lair of Beasts.
             The game lasted 00:24:29 (13926 turns).

innerfire43 the Cleaver (Demonspawn Monk)          Turns: 13926, Time: 00:24:31

Health: -11/101    AC: 17    Str: 31    XL:     13   Next: 90%
Magic:  19/20      EV: 28    Int: 25    God:    Cheibriados [******]
Gold:   842        SH:  0    Dex: 31    Spells: 18/21 levels left

rFire   + . .        L - +8 war axe
rCold   . . .        d - orb {light}
rNeg    . . .        J - +0 steam dragon scales
rPois   .            I - +1 helmet "Eloitask" {+Inv rF+}
rElec   .            G - +1 cloak
rCorr   .            g - +0 pair of gloves
SInv    .            r - +0 pair of boots
Will    .....        (no amulet)
Stlth   +            E - +4 ring of slaying
HPRegen 0.36/turn    k - +5 ring of evasion
MPRegen 0.17/turn

%: no passive effects
@: mighty, wereblooded, glowing, very slow
A: thin metallic scales 1, demonic guardian 2, powered by pain 1, weakness
stinger 2, dopey 1, sense surroundings 1
a: Renounce Religion, Evoke Invisibility, Bend Time, Temporal Distortion,
Slouch, Step From Time


You were on level 5 of the Lair of Beasts.
You worshipped Cheibriados.
Cheibriados was exalted by your worship.
You visited 3 branches of the dungeon, and saw 14 of its levels.
You visited the Abyss 1 time.
You also visited: Sewer and Ossuary.

You collected 842 gold pieces.

Inventory:

Hand Weapons
 H - a +4 flail
 L - a +8 war axe (weapon)
Missiles
 M - a throwing net
Armour
 d - an orb of light (worn)
 g - a +0 pair of gloves (worn)
 r - a +0 pair of boots (worn)
 G - a +1 cloak (worn)
 I - the +1 helmet "Eloitask" (worn) {+Inv rF+}
   (You found it on level 3 of the Lair of Beasts)

   rF:        It protects you from fire.
   +Inv:      It lets you turn invisible.
 J - +0 steam dragon scales (worn)
Jewellery
 a - a +6 ring of intelligence
 k - a +5 ring of evasion (right hand)
 m - a +6 ring of strength
 o - a ring of willpower
 y - a +6 ring of strength
 E - a +4 ring of slaying (left hand)
 F - the ring of Otweirou {Will++ Int+6 Dex+4}
   (You found it on level 5 of the Dungeon)

   [ring of intelligence]

   Int:       It affects your intelligence (+6).
   Dex:       It affects your dexterity (+4).
   Will:      It greatly increases your willpower.
Wands
 s - a wand of mindburst (19)
 C - a wand of roots (5)
 K - a wand of charming (20)
Scrolls
 f - a scroll of enchant weapon
 h - a scroll of revelation
 i - 6 scrolls of teleportation
 q - 3 scrolls of poison
 u - a scroll of amnesia
 v - 2 scrolls of identify
 x - 4 scrolls of blinking
 D - 2 scrolls of fog
Potions
 b - 3 potions of curing {unknown}
 c - 9 potions of ambrosia
 e - 2 potions of attraction
 j - 3 potions of resistance
 l - 2 potions of might
 n - a potion of degeneration {unknown}
 p - 6 potions of cancellation
 t - a potion of berserk rage {unknown}
 w - 3 potions of heal wounds
 z - 3 potions of enlightenment
 A - a potion of brilliance
 B - a potion of magic


   Skills:
 - Level 9.1 Fighting
 - Level 12.5 Axes
 - Level 11.0 Armour
 - Level 10.0 Dodging
 + Level 4.8 Spellcasting
 * Level 7.0 Transmutations
 + Level 6.3 Invocations


You had 18 spell levels left.
You knew the following spells:

 Your Spells              Type           Power      Damage    Failure   Level
a - Beastly Appendage     Tmut           82%        N/A       1%          1
b - Wereblood             Tmut           41%        N/A       1%          2

Your spell library contained the following spells:

 Spells                   Type           Power      Damage    Failure   Level
 Spider Form              Tmut/Pois      23%        N/A       6%          3
 Magic Dart               Conj           24%        1d4       9%          1
 Call Imp                 Summ           12%        N/A       13%         2
 Mephitic Cloud           Conj/Pois/Air  6%         N/A       26%         3
 Vhi's Electric Charge    Tloc/Air       12%        N/A       26%         3
 Olgreb's Toxic Radiance  Pois           6%         N/A       63%         4
 Arcjolt                  Conj/Air       3%         1d13      93%         5
 Plasma Beam              Fire/Air       3%         2x1d13    100%        6
 Discord                  Hex            3%         N/A       100%        8
 Ignition                 Fire           3%         3d4       100%        8


Dungeon Overview and Level Annotations

Branches:
Dungeon (8/15)             Temple (1/1) D:5            Lair (5/5) D:8
 Spider (0/4) Lair:3        Slime (0/5) Lair:4        Sewer (visited)
Ossuary (visited)
  Swamp: Lair:2-3    Shoals: Lair:2-3

Altars:
Ashenzari
Cheibriados
Dithmenos
Fedhas
Gozag
Hepliaklqana
Makhleb
Nemelex Xobeh
Okawaru
Qazlal
Ru
Sif Muna
Trog
Uskayaw
Vehumet
Wu Jian
Xom
Yredelemnul
Jiyva

Shops:
D:1 (   D:2 :   D:7 (   D:8 *

Portals:
Abyss: D:4


Innate Abilities, Weirdness & Mutations

You are partially covered in thin metallic scales. (AC +2)
A demonic guardian rushes to your aid.
You sometimes gain a little power by taking damage.
You have a tail ending in a sharp stinger.
You are dopey. (Int -2)
You passively map a small area around you.


Message History

The dire elephant tramples your rust devil!!
Your rust devil holds its ground!
The dire elephant barely misses your rust devil.
You slice the dire elephant!!
The dire elephant is almost dead.
The dire elephant completely misses you.
The dire elephant trunk-slaps you but does no damage.
Your rust devil hits the dire elephant.
The dire elephant seems to be corroded for longer.
The dire elephant tramples your rust devil!!
Your rust devil holds its ground!
Your rust devil dies!
Your rust devil disappears in a puff of smoke!
You slash the dire elephant!
You feel a bit better.
You kill the dire elephant!
Cheibriados thoroughly appreciates the change of pace.
A freezing mist starts to gather...
A dire elephant simulacrum comes into view.
Your Transmutations skill increases to level 7!
Unknown command.
The dire elephant tramples you!
* * * LOW HITPOINT WARNING * * *
You hold your ground!
The dire elephant completely misses you.
The dire elephant tramples you!
* * * LOW HITPOINT WARNING * * *
You hold your ground!
The dire elephant barely misses you.
You feel much better.
The dire elephant tramples you but does no damage.
The dire elephant trunk-slaps you!
The dire elephant simulacrum closely misses you.
The dire elephant simulacrum trunk-slaps you but does no damage.
You slice the dire elephant!!
The dire elephant is severely wounded.
You slash the dire elephant simulacrum! The dire elephant misses you.
The dire elephant trunk-slaps you but does no damage.
The dire elephant simulacrum completely misses you.
The dire elephant simulacrum trunk-slaps you.
The dire elephant simulacrum freezes you!!!
You die...

...........##.................♣..
######♣P......♣########'''#######
** *##♣....###.................
#♣♣###...#####8.⌠.8#####P ,
####.###~.###8P8##*,,# 8 ,
####....#~~~~.###### 8, ,
#+#..†.####.≈≈≈≈#8.Y.8# ,
#.#.####.8#ZY≈≈≈'...)(#
#P..#.....'@.~≈~'...!)# *
#8..#....8##)~~##8...8#
.♣♣####''#''#### ####* *
......#.....# ♣P........P##
♣♣PP.......# ♣♣#....#.## ########


You could see a dire elephant (soul bound, corroded) and a dire elephant
simulacrum.

Vanquished Creatures
  A tentacled starspawn (Abyss:1)
  A dire elephant (Lair:5)
  2 hydras
  A boulder beetle (Lair:3)
  3 death yaks (Lair:5)
  A demonic crawler (Lair:1)
  5 skysharks
  A sun demon (Abyss:1)
  A wretched star (Abyss:1)
  A sixfirhy (Abyss:1)
  A spectral anaconda (Lair:5)
  An oklob plant (Lair:5)
  A necromancer (Lair:5)
  7 elephants
  Maurice (D:8)
  2 black mambas (Lair:1)
  A toenail golem (D:4)
  A torpor snail (Lair:4)
  An apocalypse crab (Abyss:1)
  13 cane toads
  2 rime drakes
  10 komodo dragons
  A queen bee (Lair:1)
  A troll (D:7)
  Prince Ribbit (D:7)
  A polar bear (Lair:1)
  8 blink frogs (Lair:5)
  10 dream sheep
  A shadow (D:8)
  40 yaks
  A ynoxinul (Abyss:1)
  The ghost of AwFulAwFulPlayer the Poker, an amateur DrDe (D:4)
  5 basilisks
  A wyvern (D:8)
  A death yak simulacrum (Lair:5)
  3 steam dragons
  2 large abominations (Abyss:1)
  A neqoxec (Abyss:1)
  Menkaure (D:6)
  A swamp worm (Lair:1)
  11 water moccasins
  A black bear (Lair:1)
  An elephant zombie (Lair:5)
  An ogre (D:4)
  2 centaurs
  2 kobold brigands (D:8)
  2 phantoms
  9 bullfrogs
  A gnoll sergeant (D:8)
  7 wights
  5 small abominations
  19 killer bees (Lair:1)
  A howler monkey (D:8)
  2 crimson imps
  A human zombie (Ossuary)
  2 orc priests
  5 hounds
  An iron imp (Abyss:1)
  A gnoll bouda (Lair:4)
  8 jellies
  5 sleepcaps
  An iguana (D:6)
  Natasha (thrice) (D:2)
  7 orc wizards
  12 hell rats
  3 mummies (Ossuary)
  8 gnolls
  7 adders
  A shadow imp (D:5)
  6 ufetubi
  A worm (D:4)
  3 dart slugs
  22 orcs
  6 bats
  8 endoplasms
  6 giant cockroaches
  7 goblins
  3 hobgoblins
  4 quokkas
  6 ball pythons
  6 frilled lizards
  3 gnoll zombies (Ossuary)
  A goblin zombie (Ossuary)
  2 hobgoblin zombies (Ossuary)
  39 kobolds
  2 kobold zombies (Ossuary)
  An orc zombie (Ossuary)
  10 rats
  3 rat zombies
406 creatures vanquished.

Vanquished Creatures (collateral kills)
  A hydra (Lair:5)
  A death yak (Lair:5)
  A rime drake (Lair:3)
  A blink frog (Lair:5)
  A dream sheep (Lair:5)
  A ynoxinul (Abyss:1)
  A wyvern (Lair:1)
  A swamp worm (Lair:1)
  An elf zombie (Ossuary)
  2 hell rats (Lair:4)
  A mummy (Ossuary)
  An adder (D:3)
  A kobold (D:3)
14 creatures vanquished.

Vanquished Creatures (others)
  A yak (Lair:5)
  2 starspawn tentacles (Abyss:1)
3 creatures vanquished.

Grand Total: 423 creatures vanquished

Notes
Turn   | Place    | Note
-------+----------+-------------------------------------------
     0 | D:1      | innerfire43 the Demonspawn Monk began the quest for the
                  | Orb.
     0 | D:1      | Reached XP level 1. HP: 18/18 MP: 1/1
   195 | D:1      | Reached skill level 3 in Axes
   195 | D:1      | Gained mutation: You are partially covered in thin metallic
                  | scales. (AC +2) [demonic ancestry]
   195 | D:1      | Reached XP level 2. HP: 24/24 MP: 2/2
   625 | D:1      | Found Foghidol's Weapon Shoppe.
   690 | D:1      | Gained mutation: A weak demonic guardian rushes to your
                  | aid. [demonic ancestry]
   690 | D:1      | Reached XP level 3. HP: 25/29 MP: 3/3
   869 | D:2      | Noticed Natasha
   884 | D:2      | Killed Natasha
   981 | D:2      | Noticed Natasha
  1003 | D:2      | Killed Natasha
  1004 | D:2      | Reached XP level 4. HP: 14/35 MP: 4/4
  1028 | D:2      | Noticed Natasha
  1035 | D:2      | Killed Natasha
  1036 | D:2      | Reached skill level 4 in Axes
  1479 | D:2      | Found Demuomoto's Book Emporium.
  2334 | D:3      | Reached XP level 5. HP: 11/42 MP: 5/5
  3102 | D:4      | Noticed an ogre
  3112 | D:4      | Killed an ogre
  3113 | D:4      | Reached skill level 1 in Armour
  3113 | D:4      | Gained mutation: You have a small tail. [demonic ancestry]
  3113 | D:4      | Reached XP level 6. HP: 39/48 MP: 6/6
  3156 | D:4      | Found a one-way gate to the infinite horrors of the Abyss.
  3156 | D:4      | Noticed AwFulAwFulPlayer's ghost (amateur DrDe)
  3156 | D:4      | Noticed a small abomination
  3163 | D:4      | Noticed a toenail golem
  3458 | D:4      | Found a glowing drain.
  3486 | Sewer    | Entered a sewer
  3580 | Sewer    | Reached skill level 5 in Axes
  3824 | D:4      | Gained mutation: You have a tail ending in a sharp stinger.
                  | [demonic ancestry]
  3824 | D:4      | Reached XP level 7. HP: 48/54 MP: 7/7
  3887 | D:4      | Found a transporter.
  3891 | D:4      | Found a transporter.
  4102 | D:4      | Gained mutation: You sometimes lose your temper in combat.
                  | [potion of mutation]
  4102 | D:4      | Gained mutation: You have a pair of small horns on your
                  | head. [potion of mutation]
  4114 | D:5      | Entered Level 5 of the Dungeon
  4253 | D:5      | Found a sand-covered staircase.
  4264 | Ossuary  | Entered an ossuary
  4533 | D:5      | Identified the ring of Otweirou {Will++ Int+6 Dex+4}
  4661 | D:5      | Found a staircase to the Ecumenical Temple.
  4669 | Temple   | Entered the Ecumenical Temple
  4893 | Temple   | Became a worshipper of Cheibriados the Contemplative
  4893 | Temple   | Reached * piety under Cheibriados
  4893 | Temple   | Reached ** piety under Cheibriados
  5329 | D:6      | Noticed Menkaure
  5335 | D:6      | Killed Menkaure
  5395 | D:6      | Gained mutation: You sometimes gain a little power by
                  | taking damage. [demonic ancestry]
  5395 | D:6      | Reached XP level 8. HP: 60/60 MP: 8/8
  5404 | D:6      | Reached skill level 5 in Dodging
  5449 | D:6      | Reached skill level 5 in Armour
  5525 | D:6      | Reached skill level 6 in Axes
  5546 | D:6      | Reached *** piety under Cheibriados
  5666 | D:6      | Learned a level 1 spell: Beastly Appendage
  6167 | D:7      | Noticed a troll
  6173 | D:7      | Killed a troll
  6299 | D:7      | Found Haontog's Antique Weapon Emporium.
  6503 | D:7      | Gained mutation: A demonic guardian rushes to your aid.
                  | [demonic ancestry]
  6503 | D:7      | Reached XP level 9. HP: 39/64 MP: 9/9
  6648 | D:7      | Noticed Prince Ribbit
  6652 | D:7      | Killed Prince Ribbit
  7109 | D:8      | Noticed Maurice
  7115 | D:8      | Killed Maurice
  7116 | D:8      | Reached skill level 7 in Axes
  7364 | D:4      | Killed a toenail golem
  7365 | Abyss:1  | Cast into level 1 of the Abyss (gnoll)
  7446 | Abyss:1  | Noticed a wretched star
  7455 | Abyss:1  | Killed a wretched star
  7668 | Abyss:1  | Noticed a tentacled starspawn
  7669 | Abyss:1  | Reached XP level 10. HP: 72/72 MP: 10/10
  7675 | Abyss:1  | Killed a tentacled starspawn
  7676 | Abyss:1  | Reached skill level 8 in Axes
  7841 | Abyss:1  | Noticed a sixfirhy
  7845 | Abyss:1  | Killed a sixfirhy
  7846 | Abyss:1  | Reached skill level 5 in Fighting
  7918 | Abyss:1  | Found a corrupted altar of Lugonu.
  7926 | Abyss:1  | Found a corrupted altar of Lugonu.
  7926 | Abyss:1  | Found a corrupted altar of Lugonu.
  7968 | Abyss:1  | Noticed an apocalypse crab
  7978 | Abyss:1  | Killed an apocalypse crab
  8019 | Abyss:1  | Noticed a large abomination
  8025 | Abyss:1  | Noticed a sun demon
  8028 | Abyss:1  | Killed a large abomination
  8029 | Abyss:1  | Reached skill level 9 in Axes
  8032 | Abyss:1  | Killed a sun demon
  8036 | Abyss:1  | Reached **** piety under Cheibriados
  8039 | D:4      | Escaped the Abyss
  8044 | D:4      | Killed AwFulAwFulPlayer's ghost
  8430 | D:8      | Reached XP level 11. HP: 76/81 MP: 11/11
  8529 | D:8      | Learned a level 2 spell: Wereblood
  8795 | D:8      | Found Roinoc's Lightly-Used Armoury.
  9092 | D:8      | Found a staircase to the Lair.
  9171 | Lair:1   | Entered Level 1 of the Lair of Beasts
  9195 | Lair:1   | Reached ***** piety under Cheibriados
  9402 | Lair:1   | Reached skill level 10 in Axes
  9481 | Lair:1   | Identified the +0 helmet "Porrityl" {-Cast +Blink rN+
                  | Will+}
  9488 | Lair:1   | Noticed a demonic crawler
  9495 | Lair:1   | Killed a demonic crawler
 10389 | Lair:2   | Noticed a five-headed hydra
 10396 | Lair:2   | Reached skill level 10 in Armour
 10400 | Lair:2   | Killed an 11-headed hydra
 10651 | Lair:2   | Reached skill level 11 in Axes
 10656 | Lair:2   | Reached XP level 12. HP: 72/91 MP: 12/12
 10689 | Lair:2   | Reached ****** piety under Cheibriados
 10892 | Lair:2   | You fall into a shaft and drop 2 floors!
 10997 | Lair:4   | Reached skill level 12 in Axes
 11368 | Lair:4   | Found a viscous altar of Jiyva.
 11371 | Lair:4   | Found a staircase to the Slime Pits.
 11916 | Lair:3   | Noticed a boulder beetle
 11930 | Lair:3   | Killed a boulder beetle
 12042 | Lair:3   | Reached skill level 10 in Dodging
 12343 | Lair:3   | Reached skill level 1 in Transmutations
 12382 | Lair:3   | Found a hole to the Spider Nest.
 12398 | Lair:3   | Reached XP level 13. HP: 100/100 MP: 12/14
 12462 | Lair:3   | Reached skill level 1 in Spellcasting
 12503 | Lair:3   | Identified the +1 helmet "Eloitask" {+Inv rF+}
 12505 | Lair:3   | Lost mutation: You sometimes lose your temper in combat.
                  | [potion of mutation]
 12505 | Lair:3   | Lost mutation: You have a pair of small horns on your head.
                  | [potion of mutation]
 12505 | Lair:3   | Gained mutation: You are dopey. (Int -2) [potion of
                  | mutation]
 12505 | Lair:3   | Gained mutation: You passively map a small area around you.
                  | [potion of mutation]
 12909 | Lair:5   | Entered Level 5 of the Lair of Beasts
 12923 | Lair:5   | Reached skill level 1 in Invocations
 13296 | Lair:5   | Reached skill level 5 in Transmutations
 13387 | Lair:5   | Noticed a dire elephant
 13387 | Lair:5   | Noticed a dire elephant
 13539 | Lair:5   | Reached skill level 5 in Invocations
 13923 | Lair:5   | Killed a dire elephant
 13926 | Lair:5   | Mangled by a dire elephant simulacrum

Illustrated notes

Levels and vault maps discovered:
D:1:      nzn_arrival_depleted_hourglass, layout_basic, serial_shops, shop,
          nicolae_houndstooth_variations
D:2:      layout_basic, serial_shops, nicolae_shop_getting_attention,
          uniq_natasha
D:3:      layout_basic
D:4:      minmay_angry_zag, layout_cave_pools, cheibrodos_sewer_entry_bend,
          gammafunk_ghost_abyssal_escape
D:5:      layout_basic, minmay_temple_entry_slanted, enter_ossuary_3
D:6:      layout_cave_pods, palyth_stone_intersect, uniq_menkaure
D:7:      layout_cave_pods, serial_shops, shop, serial_park_tiny_1,
          kennysheep_boxes, uniq_prince_ribbit1
D:8:      kennysheep_steamy, layout_loops_cross, david_lair_shrubbed,
          minmay_shop_damaged, uniq_maurice
Temple:   nicolae_temple_bog_church
Lair:1:   layout_layer_cave, special_room [special_room_bee], worms_lemuel,
          grunt_megastairs_2, infiniplex_staircase_pool
Lair:2:   layout_regular_city, minmay_shoals_entry_hut, st_stairs_10,
          grunt_megastairs_5, lemuel_fruit_fields, lemuel_fruit_fields
Lair:3:   layout_cellular_growth, dummy_spider_entry, serial_bayou_shore_b,
          serial_bayou_shore_a
Lair:4:   layout_small_grid, nicolae_slime_entry_field_trip,
          dreamdust_gnoll_shepherd, grunt_megastairs_3, lemuel_fruit_fields
Lair:5:   due_jungle_book, layout_cave_pods, st_stairs_4, lemuel_fruit_fields,
          lemuel_fruit_tree

Skill      XL: |  1  2  3  4  5  6  7  8  9 10 11 12 13 |
---------------+----------------------------------------+-----
Axes           | 3 4 5 6 7 9 11 12 | 12.5
Dodging        | 3 4 5 7 8 9 10 | 10.0
Fighting       | 4 5 7 8 9 |  9.1
Armour         | 1 2 4 6 8 9 10 11 | 11.0
Transmutations | 1 7 |  7.0
Spellcasting   | 4 |  4.8
Invocations    | 6 |  6.3

Action                     |  1- 3 |  4- 6 |  7- 9 | 10-12 | 13-15 || total
---------------------------+-------+-------+-------+-------+-------++-------
  Melee: Hand axe          |    83 |    43 |       |       |       ||   126
         Whip              |    23 |    11 |       |       |       ||    34
         War axe           |       |   103 |   184 |   324 |   177 ||   788
         Tailslap          |       |     6 |    31 |    50 |    43 ||   130
         Headbutt          |       |       |    44 |    86 |     2 ||   132
   Cast: Wereblood         |       |       |       |     5 |     5 ||    10
    Use: Potion            |     1 |       |     1 |     4 |     2 ||     8
         Scroll            |       |       |    14 |     5 |     1 ||    20
   Stab: Distracted        |       |       |     2 |       |     1 ||     3
 Armour: Robe              |    26 |    15 |       |       |       ||    41
         Ring mail         |       |    47 |    40 |       |       ||    87
         Steam dragon scal |       |       |    15 |   108 |    50 ||   173
  Dodge: Dodged            |    57 |    87 |   223 |   599 |   251 ||  1217

Table legend: (Time is in decaauts)
 A = Elapsed time spent in this place.
 B = Non-inter-level travel time spent in this place.
 C = Inter-level travel time spent in this place.
 D = Time resting spent in this place.
 E = Time spent auto-exploring this place.
 F = Levels seen in this place.
 G = Mean time per level.
                   A        B        C        D        E       F      G
               +--------+--------+--------+--------+--------+-----+--------+
         Total |  18750 |  17349 |   1401 |      0 |  14288 |  17 | 1102.9 |
       Dungeon |   9605 |   8351 |   1254 |      0 |   6902 |   8 | 1200.6 |
        Temple |    248 |    203 |     45 |      0 |    169 |   1 |  248.0 |
          Lair |   7395 |   7294 |    101 |      0 |   6114 |   5 | 1479.0 |
         Abyss |    931 |    931 |      0 |      0 |    761 |   1 |  931.0 |
         Sewer |    302 |    302 |      0 |      0 |    156 |   1 |  302.0 |
       Ossuary |    267 |    267 |      0 |      0 |    184 |   1 |  267.0 |
               +--------+--------+--------+--------+--------+-----+--------+

Top non-repeatable levels by time:
  Lair:1: 1951 daAuts
  Lair:4: 1708 daAuts
  Lair:3: 1689 daAuts
     D:7: 1546 daAuts
  Lair:5: 1418 daAuts
     D:6: 1356 daAuts
     D:8: 1338 daAuts
     D:2: 1320 daAuts
     D:4: 1222 daAuts
     D:5: 1050 daAuts
 Abyss:1: 931 daAuts
     D:3: 892 daAuts
     D:1: 878 daAuts
  Lair:2: 627 daAuts
   Sewer: 302 daAuts
